 Dungeon Crawl Stone Soup version 0.21.1-1-g345015f (webtiles) character file.

44 sking99 the Skirmisher (level 3, 0/29 HPs)
             Began as a Demonspawn Abyssal Knight on June 21, 2018.
             Was a Follower of Lugonu.
             Succumbed to a goblin's poison
             ... on level 1 of the Dungeon.
             The game lasted 00:08:59 (1237 turns).

sking99 the Skirmisher (Demonspawn Abyssal Knight)  Turns: 1237, Time: 00:08:59

Health: 0/29       AC: 10    Str: 12 (13) XL:     3   Next: 39%
Magic:  5/5        EV: 10    Int: 12 (13) God:    Lugonu [*.....]
Gold:   72         SH:  0    Dex: 16 (17) Spells: 2/2 levels left

rFire    . . .     SeeInvis .   a - +1 mace
rCold    . . .     Gourm    .   (no shield)
rNeg     . . .     Faith    .   j - +0 chain mail
rPois    .         Spirit   .   (no helmet)
rElec    .         Reflect  .   (no cloak)
rCorr    .         Harm     .   (no gloves)
MR       .....                  (no boots)
Stlth    ..........             (no amulet)
HPRegen  0.09/turn              (no ring)
MPRegen  0.09/turn              (no ring)

@: agile, lethally poisoned (0 -> -34)
A: slimy green scales 1, demonic guardian 1
a: Depart the Abyss, Renounce Religion


You were on level 1 of the Dungeon.
You worshipped Lugonu.
Lugonu was aware of your devotion.
You were not hungry.

You visited 1 branch of the dungeon, and saw 2 of its levels.
You visited the Abyss 1 time.

You collected 72 gold pieces.

Inventory:

Hand Weapons
 a - a +1 mace (weapon)
Armour
 b - a +0 leather armour
 j - a +0 chain mail (worn)
Jewellery
 e - an uncursed amulet of guardian spirit {unknown}
 k - a cursed amulet of inaccuracy {unknown}
Scrolls
 g - a scroll of identify {unknown}
 h - a scroll of magic mapping {unknown}
 m - a scroll of immolation {unknown}
Comestibles
 c - 6 rations


   Skills:
 + Level 3.3 Fighting
 * Level 2.8 Maces & Flails
 - Level 1.7 Armour
 - Level 0.8 Dodging
 + Level 3.2 Invocations


You had 2 spell levels left.
You didn't know any spells.

Dungeon Overview and Level Annotations

Branches:
Dungeon (2/15)

Altars:


Innate Abilities, Weirdness & Mutations

You are partially covered in slimy green scales. (AC +2)
A weak demonic guardian rushes to your aid.


Message History

* * * LOW HITPOINT WARNING * * *
You feel very sick.
It was a potion of agility.
You feel agile all of a sudden.
* * * LOW HITPOINT WARNING * * *
You feel very sick.
It was a potion of degeneration.
There was something very wrong with that liquid.
You feel weakened.
You feel dopey.
You feel clumsy.
* * * LOW HITPOINT WARNING * * *
You feel very sick.
Blink to where?
Press: ? - help, Dir - move target cursor, f - you Are you sure you want to cancel this blink? [Y]es or [N]o only, please.
Are you sure you want to cancel this blink?
Okay, then.
As you read the scroll labeled UGRAMY BAILEI, it crumbles to dust.
It was a scroll of blinking.
You die...

♣.....♣♣♣♣♣ ♣♣♣.....#.# #.#
♣♣♣P♣♣♣ ♣♣♣♣.......#+###.# ♣♣♣
♣♣♣.......#......#.#
♣♣♣.......###......#.#
♣♣♣...........+......#..
♣♣♣♣♣♣.........#####......#..
♣♣♣♣♣..........#'#.#..........#..
.................)............#..
.........###....@............)#..
...#......##....................#
...#.................##..........
.^.#.............................
...##............#...##.##...#...
...##............#.......+(......
..(##............#....#..#.......
...##....#.......+..........#....
.........#.......#........)###.#.


There were no monsters in sight!

Vanquished Creatures
  An adder (D:2)
  An ooze (D:1)
  2 giant cockroaches (D:1)
  6 goblins (D:1)
  5 hobgoblins
  4 jackals
  4 bats (D:1)
  2 kobolds (D:1)
  2 rats (D:1)
27 creatures vanquished.

Notes
Turn   | Place    | Note
-------+----------+-------------------------------------------
     0 | Abyss:1  | sking99 the Demonspawn Abyssal Knight began the quest for the Orb.
     0 | Abyss:1  | Reached XP level 1. HP: 18/18 MP: 2/2
    25 | Abyss:1  | Noticed a green death
    26 | D:1      | Escaped the Abyss
   136 | D:1      | Reached * piety under Lugonu
   256 | D:1      | Gained mutation: You are partially covered in slimy green scales. (AC +2) [demonic ancestry]
   256 | D:1      | Reached XP level 2. HP: 24/24 MP: 4/4
   887 | D:2      | Gained mutation: A weak demonic guardian rushes to your aid. [demonic ancestry]
   887 | D:2      | Reached XP level 3. HP: 23/29 MP: 5/5
   927 | D:1      | HP: 1/29 [poisoned by a goblin]
  1237 | D:1      | Succumbed to a goblin's poison

Skill      XL: |  1  2 |
---------------+-------+-----
Maces & Flails | 2 |  2.8
Invocations    | 3 |  3.2
Fighting       | |  3.3
Armour         | |  1.7
Dodging        | |  0.8

Action                   || total
-------------------------++-------
Melee: Mace              ||    82
Invok: Depart the Abyss  ||     1
  Use: Potion            ||     2
       Scroll            ||     1
  Eat: Ration            ||     1
Armor: Leather armour    ||    22
       Chain mail        ||    61
Dodge: Dodged            ||    48
